 Dungeon Crawl Stone Soup version 0.16.0-17-g811c1d7 (webtiles) character file.

5768 wojtek the Fighter (level 11, -7/74 (76) HPs)
             Began as a Kobold Assassin on Mar 21, 2015.
             Was a Believer of Makhleb.
             Mangled by an eight-headed hydra (14 damage)
             ... on level 1 of the Lair of Beasts.
             The game lasted 00:22:40 (10204 turns).

wojtek the Fighter (Kobold Assassin)               Turns: 10204, Time: 00:22:41

HP:   -7/74 (76)    AC:  5    Str: 11    XL:     11   Next: 6%
MP:   17/17         EV: 22    Int: 12    God:    Makhleb [**....]
Gold: 468           SH:  0    Dex: 17    Spells: 1 memorised, 9 levels left

rFire  . . .     SeeInvis .     a - +4 dagger (venom)
rCold  . . .     Clarity  .     c - +0 robe
rNeg   . . .     SustAb   .     (no shield)
rPois  .         Gourm    .     m - +2 hat
rElec  .         Spirit   .     d - +0 cloak (curse)
rCorr  .         Warding  .     (no gloves)
rMut   .         Stasis   .     (no boots)
MR     .....                    (no amulet)
Stlth  ++++......               (no ring)
                                (no ring)

@: not resistant to hostile enchantments, stealthy
A: carnivore 3
a: Minor Destruction, Renounce Religion


You were on level 1 of the Lair of Beasts.
You worshipped Makhleb.
Makhleb was pleased with you.
You were very full.

You visited 3 branches of the dungeon, and saw 10 of its levels.
You also visited: Ossuary.

You collected 468 gold pieces.

Inventory:

Hand weapons
 a - a +4 dagger of venom (weapon)
 b - a +0 blowgun
 L - a +3 dagger of speed
Missiles
 f - 2 curare-tipped needles {=f}
 s - 20 poisoned needles
 F - 2 throwing nets (quivered)
Armour
 c - a +0 robe (worn)
 d - a cursed +0 cloak (worn)
 m - a +2 hat (worn)
 M - the cursed -6 shield of Fashionability {rCorr MP-9 Str+4 Int+3, unknown}
   (You found it on level 8 of the Dungeon)

   It affects your strength (+4).
   It affects your intelligence (+3).
   It affects your magic capacity (-9).
   It protects you from acid and corrosion.
   It has a curse placed upon it.
 T - a +1 cloak
Jewellery
 I - a cursed -2 ring of dexterity {unknown}
Magical devices
 B - a wand of confusion (13)
 G - a wand of heal wounds (5)
 K - a wand of fire (5)
 P - a wand of paralysis (18)
 Q - a wand of frost (27)
 S - a wand of confusion (15)
Scrolls
 p - 2 scrolls of remove curse
 r - a scroll of teleportation
 t - 3 scrolls of amnesia
 v - a scroll of enchant weapon
 x - a scroll of fog {unknown}
 y - 8 scrolls of identify
 H - a scroll of random uselessness {unknown}
 J - a scroll of summoning {unknown}
 N - a scroll of noise {unknown}
 O - a scroll of recharging
Potions
 e - 2 potions of mutation {unknown}
 i - 6 potions of curing
 k - a potion of haste
 l - a potion of might {unknown}
 o - 2 potions of ambrosia {unknown}
 w - a potion of restore abilities {unknown}
 z - 2 potions of poison
 A - a potion of flight
 C - a potion of brilliance {unknown}
 E - a potion of cancellation {unknown}
Books
 u - a book of Battle

   Spells                             Type                      Level
   a - Infusion                       Charms                       1
   b - Shroud of Golubria             Charms/Translocation         2
   c - Song of Slaying                Charms                       2
   d - Spectral Weapon                Hexes/Charms                 3
   e - Regeneration                   Charms/Necromancy            3
 D - a book of Dreams

   Spells                             Type                      Level
   a - Ensorcelled Hibernation        Hexes/Ice                    2
   b - Flight                         Charms/Air                   3
   c - Phase Shift                    Translocation                5
   d - Shadow Creatures               Summoning                    5
   e - Mass Confusion                 Hexes                        6
   f - Darkness                       Hexes                        7
Comestibles
 g - 3 meat rations
 h - 2 royal jellies
 j - 9 beef jerkies
 q - 2 slices of pizza
 R - 3 chunks of flesh


   Skills:
 * Level 12.0 Fighting
 + Level 10.0 Short Blades
 - Level 2.6 Throwing
 + Level 9.4 Dodging
 - Level 5.3 Stealth
 + Level 3.4 Invocations


You had 9 spell levels left.
You knew the following spells:

 Your Spells              Type           Power        Failure   Level  Hunger
a - Infusion              Chrm           #.....       34%         1    ##.....


Dungeon Overview and Level Annotations

Branches:
Dungeon (8/15)             Temple (1/1) D:7            Lair (1/8) D:8

Altars:
Ashenzari
Cheibriados
Dithmenos
Elyvilon
Fedhas
Gozag
Kikubaaqudgha
Makhleb
Okawaru
Qazlal
Ru
Sif Muna
Trog
Xom
Yredelemnul
Zin
The Shining One

Annotations:
D:5 MDvedh's ghost, experienced MiBe
Lair:1 Erica


Innate Abilities, Weirdness & Mutations

You are small and have problems with some larger weapons.
You are carnivorous and can eat meat at any time.


Message History

The eight-headed hydra barely misses you.
The eight-headed hydra bites you!
* * * LOW HITPOINT WARNING * * *
The eight-headed hydra misses you. The eight-headed hydra bites you.
* * * LOW HITPOINT WARNING * * *
The eight-headed hydra closely misses you. x2
The eight-headed hydra bites you.
* * * LOW HITPOINT WARNING * * *
The eight-headed hydra bites you!
* * * LOW HITPOINT WARNING * * *
Drink which item? (? for menu, Esc to quit)
You feel much better. The eight-headed hydra bites you.
* * * LOW HITPOINT WARNING * * *
The eight-headed hydra bites you!
* * * LOW HITPOINT WARNING * * *
The eight-headed hydra bites you but does no damage.
The eight-headed hydra barely misses you.
The eight-headed hydra closely misses you.
The eight-headed hydra bites you!
You die...

#...P...###..........##
#.........#............
#.#.......#....#.##..##
#.........#...## #
#.#.......#...#
#.#...........#
#.#...........# ..
#.#.......#....#
...#######.#....@D.#.......
............P.###+##.##....
.....................# ###
.....................##
......................#
.....................## ##
♣......############..#
###.# ♣♣#....# ##..# #...#
###..## #P..# #...#


You could see an eight-headed hydra.

Vanquished Creatures
  A hill giant (D:7)
  An elephant (D:8)
  Joseph (D:7)
  A komodo dragon (Lair:1)
  Prince Ribbit (D:6)
  3 hippogriffs
  Edmund (D:8)
  A sky beast (D:7)
  A necrophage (D:5)
  An orc warrior (D:7)
  A porcupine (Lair:1)
  A black bear (Lair:1)
  2 centaurs
  A phantom (D:8)
  An ice beast (D:7)
  3 ogres
  Duvessa (D:8)
  8 giant frogs
  3 scorpions (D:7)
  4 killer bees (D:6)
  The ghost of maniek23 the Insei, a weakling DrTm (D:3)
  4 wights (D:8)
  A giant frog zombie (D:6)
  4 crimson imps
  4 goliath beetles
  Dowan (D:8)
  6 hounds
  3 orc priests (D:3)
  A jelly (D:7)
  A centaur skeleton (D:4)
  5 giant frog skeletons
  9 worker ants
  An iguana (D:5)
  2 sheep (D:8)
  A hound skeleton (D:4)
  A hound zombie (D:6)
  2 mummies
  12 adders
  9 river rats (Lair:1)
  4 shadow imps
  3 giant mites
  An adder skeleton (D:4)
  6 giant geckos
  17 orcs
  11 bats
  2 bat skeletons (D:4)
  7 giant cockroaches
  17 goblins
  13 hobgoblins
  10 jackals
  3 ball pythons
  A giant gecko zombie (D:7)
  7 giant newts
  3 gnoll skeletons (Ossuary)
  3 goblin skeletons (D:6)
  2 hobgoblin zombies (D:6)
  18 kobolds
  6 kobold skeletons (Ossuary)
  16 orc skeletons (Ossuary)
  2 orc zombies (D:6)
  5 quokkas
  12 rats
  A spectral orc (D:7)
275 creatures vanquished.

Notes
Turn   | Place    | Note
--------------------------------------------------------------
     0 | D:1      | wojtek, the Kobold Assassin, began the quest for the Orb.
     0 | D:1      | Reached XP level 1. HP: 12/12 MP: 1/1
    78 | D:1      | Reached XP level 2. HP: 12/17 MP: 2/2
   431 | D:1      | Reached XP level 3. HP: 21/21 MP: 3/3
   722 | D:2      | Reached skill level 5 in Short Blades
   741 | D:2      | Found an iron altar of Okawaru.
   799 | D:2      | Reached XP level 4. HP: 26/26 MP: 4/4
  1133 | D:2      | Reached skill level 6 in Short Blades
  1422 | D:3      | Reached XP level 5. HP: 11/30 MP: 5/5
  1471 | D:3      | Reached skill level 7 in Short Blades
  1661 | D:3      | Noticed maniek23's ghost (weakling DrTm)
  1749 | D:3      | Killed maniek23's ghost
  2053 | D:3      | Reached XP level 6. HP: 35/35 MP: 6/6
  2474 | D:3      | Reached skill level 8 in Short Blades
  3179 | D:4      | Found a sand-covered staircase.
  3192 | Ossuary  | Entered an ossuary
  3192 | Ossuary  | Noticed a wraith
  3192 | Ossuary  | Noticed a wraith
  3192 | Ossuary  | Noticed a wraith
  3422 | Ossuary  | Learned a level 1 spell: Infusion
  3433 | Ossuary  | Noticed a wraith
  3641 | D:4      | Reached XP level 7. HP: 40/40 MP: 7/7
  4115 | D:4      | Found a sacrificial altar of Ru.
  4182 | D:4      | Found a shattered altar of Ashenzari.
  4185 | D:4      | Found a blossoming altar of Fedhas.
  4185 | D:4      | Found a shadowy altar of Dithmenos.
  4414 | D:5      | Entered Level 5 of the Dungeon
  4424 | D:5      | Found a bloodstained altar of Trog.
  4547 | D:5      | Noticed MDvedh's ghost (experienced MiBe)
  4692 | D:4      | Reached skill level 5 in Fighting
  4795 | D:5      | Reached XP level 8. HP: 38/49 MP: 8/8
  5146 | D:6      | Found a shadowy altar of Dithmenos.
  5523 | D:6      | Reached skill level 5 in Dodging
  6066 | D:6      | Found a glowing golden altar of the Shining One.
  6190 | D:6      | Reached XP level 9. HP: 57/57 MP: 9/9
  6374 | D:7      | Noticed Prince Ribbit
  7020 | D:6      | Killed Prince Ribbit
  7261 | D:7      | Reached skill level 9 in Fighting
  7774 | D:7      | Noticed Joseph
  7803 | D:7      | Killed Joseph
  7803 | D:7      | Reached skill level 10 in Fighting
  7916 | D:7      | Reached XP level 10. HP: 55/66 MP: 10/10
  8011 | D:7      | Noticed a hill giant
  8087 | D:7      | Killed a hill giant
  8172 | D:7      | Reached skill level 11 in Fighting
  8291 | D:7      | Found a staircase to the Ecumenical Temple.
  8325 | Temple   | Entered the Ecumenical Temple
  8364 | Temple   | Became a worshipper of Makhleb the Destroyer
  8520 | D:7      | Found a basalt altar of Yredelemnul.
  8691 | D:8      | Noticed Dowan
  8720 | D:8      | Killed Dowan
  8761 | D:8      | Got a bloodstained shield
  8783 | D:8      | Noticed Duvessa
  8822 | D:8      | Killed Duvessa
  8822 | D:8      | Reached skill level 1 in Invocations
  8888 | D:8      | Found an ancient bone altar of Kikubaaqudgha.
  8913 | D:8      | Found a staircase to the Lair.
  8913 | D:8      | Noticed an elephant
  8948 | D:8      | Killed an elephant
  8983 | D:8      | Acquired Makhleb's first power
  9409 | D:8      | Noticed Edmund
  9484 | D:8      | Killed Edmund
  9493 | D:8      | Found an opulent altar of Gozag.
  9724 | D:8      | Found a stormy altar of Qazlal.
  9895 | Lair:1   | Entered Level 1 of the Lair of Beasts
  9965 | Lair:1   | Acquired Makhleb's second power
 10092 | Lair:1   | HP: 1/69 [komodo dragon (15)]
 10101 | Lair:1   | Reached skill level 12 in Fighting
 10101 | Lair:1   | Reached skill level 10 in Short Blades
 10101 | Lair:1   | Reached XP level 11. HP: 23/74 MP: 15/17
 10130 | Lair:1   | Noticed Erica
 10192 | Lair:1   | Noticed an eight-headed hydra
 10203 | Lair:1   | HP: 2/74 [eight-headed hydra (9)]
 10204 | Lair:1   | Mangled by an eight-headed hydra

Action                   |  1- 3 |  4- 6 |  7- 9 | 10-12 || total
-------------------------+-------+-------+-------+-------++-------
Melee: Dagger            |    66 |   200 |   405 |   263 ||   934
 Fire: Blowgun           |       |    17 |    24 |    22 ||    63
 Cast: Infusion          |       |     2 |       |       ||     2
  Use: Scroll            |       |     3 |     6 |     1 ||    10
       Potion            |       |     3 |     2 |     2 ||     7
 Stab: Sleeping          |     8 |     7 |    14 |    16 ||    45
       Distracted        |       |     1 |     4 |     1 ||     6
       Fleeing           |       |       |       |     1 ||     1
  Eat: Chunk             |     8 |     7 |    15 |     7 ||    37
